 Dungeon Crawl Stone Soup version 0.10.0-32-gfa280cc character file.

4177 gilus the Firebug (level 10, -3/63 HPs)
             Began as a Human Fire Elementalist on Mar 23, 2012.
             Was a Follower of Sif Muna.
             Slain by a centaur (10 damage)
             ... on Level 4 of the Orcish Mines.
             The game lasted 01:17:39 (11339 turns).

gilus the Firebug (Human Fire Elementalist)        Turns: 11339, Time: 01:17:39

HP  -3/63        AC  2     Str  9      XL: 10   Next: 35%
MP  18/22        EV 19     Int 19      God: Sif Muna [*.....]
Gold 486         SH  0     Dex 13      Spells:  4 memorised,  7 levels left

Res.Fire  : . . .   See Invis. : .   M - staff of conjuration
Res.Cold  : . . .   Warding    : . . v - +0 elf robe
Life Prot.: . . .   Conserve   : .   (no shield)
Res.Acid. : . . .   Res.Corr.  : .   (no helmet)
Res.Poison: .       Clarity    : .   (no cloak)
Res.Elec. : .       Spirit.Shd : .   (no gloves)
Sust.Abil.: + .     Stasis     : .   (no boots)
Res.Mut.  : .       Ctrl.Telep.: .   (no amulet)
Res.Rott. : .       Levitation : .   e - ring of sustain abilities {unknown}
Saprovore : . . .   Ctrl.Flight: .   k - +4 ring of evasion

@: mildly poisoned, somewhat resistant to hostile enchantments, stealthy
A: no striking features
a: Channel Energy, Renounce Religion


You were on level 4 of the Orcish Mines.
You worshipped Sif Muna.
Sif Muna was pleased with you.
You were near starving.

You visited 3 branches of the dungeon, and saw 13 of its levels.

You collected 650 gold pieces.
You spent 184 gold pieces at shops.

Inventory:

Hand weapons
 o - a +4,+4 elven sabre of protection
 t - a +1,+1 dwarven short sword
 R - a +1,+1 bow of evasion
Missiles
 l - a +0 throwing net (quivered)
 S - 7 +0 arrows
Armour
 h - a +2 pair of gauntlets
 j - a +0 pair of gloves
 v - a +0 elven robe (worn)
Magical devices
 s - a wand of paralysis (8)
Comestibles
 a - 2 rotting chunks of orc flesh
 r - a pear
 w - 3 bread rations
 E - 2 meat rations
 H - 2 apples
 L - a honeycomb
 O - 2 cheeses
 T - a royal jelly
 U - an apricot
Scrolls
 g - 2 scrolls of remove curse
 n - 2 scrolls of enchant armour {unknown}
 P - a scroll of enchant weapon I
 W - a scroll of amnesia
Jewellery
 e - a ring of sustain abilities (right hand) {unknown}
 k - a +4 ring of evasion (left hand)
 x - a cursed ring of protection from cold {unknown}
 y - a cursed ring of teleportation {unknown}
 B - a cursed ring of teleportation {unknown}
 D - an uncursed ring of sustenance {unknown}
 F - an uncursed ring of life protection {unknown}
 N - an uncursed ring of life protection {unknown}
 V - an uncursed ring of ice {unknown}
 Y - an uncursed ring of protection from magic {unknown}
Potions
 c - 2 potions of curing
 q - 4 potions of restore abilities
 z - a potion of agility {unknown}
 A - a potion of cure mutation
 C - a potion of speed
 J - a potion of brilliance {unknown}
Books
 b - a book of Flames

   Spells                             Type                      Level
   *Flame Tongue                      Conjuration/Fire             1
   Throw Flame                        Conjuration/Fire             2
   *Conjure Flame                     Conjuration/Fire             3
   Inner Flame                        Hexes/Fire                   3
   *Sticky Flame                      Conjuration/Fire             4
   *Fireball                          Conjuration/Fire             5
 Z - a book of Control

   Spells                             Type                      Level
   Control Teleport                   Charms/Translocation         4
   Control Undead                     Necromancy                   4
   Enslavement                        Hexes                        4
   Mass Confusion                     Hexes                        6
   Metabolic Englaciation             Hexes/Ice                    6
Magical staves
 M - a staff of conjuration (weapon)


   Skills:
 + Level 0.7 Fighting
 + Level 2.0 Short Blades
 + Level 7.1 Dodging
 + Level 4.2 Stealth
 + Level 1.1 Stabbing
 + Level 1.4 Traps & Doors
 + Level 5.9 Spellcasting
 + Level 5.6 Conjurations
 + Level 7.3 Fire Magic
 + Level 1.3 Evocations


You had 7 spell levels left.
You knew the following spells:

 Your Spells              Type           Power        Failure   Level  Hunger
a - Flame Tongue          Fire/Conj      ######       1%          1    None
b - Sticky Flame          Fire/Conj      ######...    12%         4    Honeycomb
c - Conjure Flame         Fire/Conj      ######...    2%          3    Choko
d - Fireball              Fire/Conj      ######....   28%         5    Honeycomb

Dungeon Overview and Level Annotations

Branches:
Dungeon (8/27)             Temple (1/1) D:7             Orc (4/4) D:7
   Lair (0/8) D:8
    Elf: Orc:3-4

Altars:
Ashenzari
Cheibriados
Elyvilon
Fedhas
Kikubaaqudgha
Makhleb
Nemelex Xobeh
Okawaru
Sif Muna
The Shining One
Trog
Vehumet
Xom
Yredelemnul
Zin

Shops:
D:4: %


Message History

The centaur closely misses you. The orc closely misses you.
Drink which item? (? for menu, Esc to quit)
Magic courses through your body.
The centaur unwields an uncursed runed bow.
The centaur misses you.
The centaur burns!
You kill the centaur!
The orc barely misses you. The centaur barely misses you.
The centaur closely misses you. The centaur barely misses you.
The centaur hits you but does no damage.
Casting: Sticky Flame
Confirm with . or Enter, or press ? or * to list all spells.
Aiming: Sticky Flame
Press: ? - help, Shift-Dir - straight line, f - centaur
Aim: a centaur (grey smoke)
You feel a surge of power!
The sticky flame hits the centaur.
The centaur is moderately wounded.
The centaur is covered in liquid flames!
You are near starving!
The centaur burns!
The centaur hits you!
You die...

###########################
........§ccco)...(........#
....(....§§@oc(((...........
#..##((§###§..##..##..##.
....c...≈≈# #≈≈..........#
...c..≈≈≈# #≈≈≈..........#
...o≈≈≈≈## ##≈≈≈≈........
..≈≈≈≈### ###≈≈≈≈.cc. ≈≈≈≈#
##≈≈≈≈c.


ooo ooooo o. o You could see 4 centaurs and 2 orcs.

Vanquished Creatures
  Pikel (D:5)
  An elf (D:8)
  Grinder (D:4)
  An ogre (D:5)
  An ice beast (D:6)
  An orc warrior (D:8)
  2 phantoms
  A sky beast (D:6)
  A slave (D:5)
  A demonspawn (D:8)
  6 centaurs
  Duvessa (D:4)
  A naga (D:8)
  A vampire bat (D:8)
  2 crimson imps
  Dowan (D:4)
  A goliath beetle (D:8)
  2 hounds
  4 orc priests
  2 iguanas (D:6)
  A scorpion (D:7)
  2 jellies
  2 orc wizards
  3 worker ants
  A mummy (D:8)
  9 adders
  8 gnolls (D:4)
  A scorpion zombie (D:6)
  A giant mite (D:6)
  A worm (D:7)
  2 spectral bats (D:8)
  3 bat skeletons (D:8)
  A bat zombie (D:8)
  2 giant geckos
  2 oozes
  35 orcs
  21 bats
  3 fire bats (D:8)
  10 giant cockroaches
  12 goblins
  12 hobgoblins
  2 ball pythons
  A bat simulacrum (D:8)
  2 giant gecko skeletons (D:6)
  2 giant newts
  A hobgoblin skeleton (D:4)
  6 jackals
  10 kobolds
  An orc skeleton (D:4)
  An orc zombie (D:7)
  A quokka (D:6)
  16 rats
  A rat skeleton (D:6)
  A plant (D:8)
  A toadstool (D:7)
210 creatures vanquished.

Vanquished Creatures (collateral kills)
  A merfolk (D:8)
  A fire drake (D:8)
  An ogre (Orc:2)
  A crimson imp (D:8)
  An orc priest (Orc:3)
  An iguana (D:8)
  An adder (D:8)
  8 orcs
  A goblin (Orc:2)
  A hobgoblin (Orc:2)
17 creatures vanquished.

Vanquished Creatures (others)
  A small abomination (Orc:3)
  A slave (D:5)
  A centaur (Orc:4)
  A scorpion zombie (D:5)
  2 giant mites (D:5)
  A giant gecko (D:5)
  An orc (D:4)
  A giant cockroach (D:5)
  A goblin (D:3)
  A kobold (D:7)
  A jackal skeleton (D:4)
  A rat (D:2)
  A plant (D:8)
  16 toadstools
30 creatures vanquished.

Grand Total: 257 creatures vanquished

Notes
Turn   | Place    | Note
--------------------------------------------------------------
     0 | D:1      | gilus, the Human Fire Elementalist, began the quest for the Orb.
     0 | D:1      | Reached XP level 1. HP: 13/13 MP: 3/3
   277 | D:1      | Reached XP level 2. HP: 14/19 MP: 0/4
  1013 | D:2      | Reached XP level 3. HP: 7/24 MP: 0/6
  2454 | D:3      | Reached XP level 4. HP: 30/30 MP: 8/8
  2460 | D:3      | Learned a level 4 spell: Sticky Flame
  2619 | D:3      | Reached skill level 4 in Fire Magic
  3274 | D:3      | Paralysed by an orc for 7 turns
  3644 | D:4      | Found Usaquit's Food Boutique.
  3650 | D:4      | Bought a meat ration for 44 gold pieces
  3722 | D:4      | Reached XP level 5. HP: 32/35 MP: 0/10
  3942 | D:4      | Noticed Dowan
  4352 | D:4      | Reached skill level 1 in Short Blades
  4647 | D:4      | Reached XP level 6. HP: 30/41 MP: 9/12
  4655 | D:4      | Learned a level 3 spell: Conjure Flame
  4662 | D:4      | Noticed Grinder
  4683 | D:4      | Killed Grinder
  4683 | D:4      | Reached XP level 7. HP: 15/46 MP: 4/14
  5146 | D:4      | Noticed Duvessa
  5171 | D:4      | Killed Duvessa
  5171 | D:4      | Reached skill level 5 in Fire Magic
  5171 | D:4      | Reached skill level 1 in Evocations
  5192 | D:4      | Bought a pear for 8 gold pieces
  5396 | D:4      | Killed Dowan
  5751 | D:4      | Bought a bread ration for 44 gold pieces
  5751 | D:4      | Bought a bread ration for 44 gold pieces
  5751 | D:4      | Bought a meat ration for 44 gold pieces
  5764 | D:5      | Entered Level 5 of the Dungeon
  5764 | D:5      | Noticed Pikel
  5910 | D:5      | Killed Pikel
  5910 | D:5      | Reached skill level 5 in Dodging
  5910 | D:5      | Reached skill level 1 in Stabbing
  5910 | D:5      | Reached XP level 8. HP: 38/52 MP: 9/18
  5959 | D:5      | Found a glowing drain.
  6149 | D:5      | Reached skill level 1 in Traps & Doors
  6295 | D:5      | Your ally freed slave died
  7128 | D:6      | Reached skill level 6 in Fire Magic
  7301 | D:6      | Reached XP level 9. HP: 57/57 MP: 10/19
  7360 | D:6      | Learned a level 5 spell: Fireball
  8533 | D:7      | Found a white marble altar of Elyvilon.
  8662 | D:7      | Found a staircase to the Ecumenical Temple.
  8671 | Temple   | Entered the Ecumenical Temple
  8733 | Temple   | Became a worshipper of Sif Muna the Loreminder
  8828 | D:7      | Found a staircase to the Orcish Mines.
  9072 | D:7      | Reached skill level 5 in Spellcasting
  9547 | D:8      | Found a staircase to the Lair.
  9632 | D:8      | Reached skill level 5 in Conjurations
 10007 | D:8      | Noticed an ice bat
 10010 | D:8      | Killed an ice bat
 10187 | D:8      | Reached XP level 10. HP: 40/63 MP: 13/21
 10285 | D:8      | Reached skill level 7 in Fire Magic
 10527 | Orc:1    | Entered Level 1 of the Orcish Mines
 11151 | Orc:3    | Acquired Sif Muna's first power
 11311 | Orc:4    | Entered Level 4 of the Orcish Mines
 11339 | Orc:4    | Slain by a centaur
